[ AOE2 MATCH · #476942012 ]
UnrankedKhitans vs Persians
[ REPLAY ANALYSIS · EXTRACTED FROM THE RECORDED GAME ]
Feudal
—
Castle
—
Imperial
—
| APM avg | 11.1 |
| APM peak | 30 |
| eAPM avg | 9.9 |
| Villagers / military | 108 / 363 |
Focus
⚔️ 37.1% · 🌾 62.9%
Spearman ×162 · Skirmisher ×97 · Scout Cavalry ×68 · Unknown (1920) ×39 · Fire Lancer ×13 · Steppe Lancer ×10
Feudal
14:01
Castle
20:37
Imperial
35:20
| APM avg | 15.9 |
| APM peak | 35 |
| eAPM avg | 13.2 |
| Villagers / military | 114 / 252 |
Focus
⚔️ 28.6% · 🌾 71.4%
Archer ×157 · Knight ×56 · Scout Cavalry ×15 · Trade Cart ×12 · Skirmisher ×10 · Bombard Cannon ×8
Feudal
12:38
Castle
17:53
Imperial
30:27
| APM avg | 22.4 |
| APM peak | 101 |
| eAPM avg | 17.2 |
| Villagers / military | 159 / 350 |
Focus
⚔️ 50.1% · 🌾 49.9%
Spearman ×187 · Skirmisher ×90 · Hussite Wagon ×46 · Hand Cannoneer ×21 · Trebuchet (Packed) ×4 · Monk ×2
Feudal
—
Castle
—
Imperial
—
| APM avg | 14.8 |
| APM peak | 32 |
| eAPM avg | 11.0 |
| Villagers / military | 94 / 234 |
Focus
⚔️ 25.1% · 🌾 74.9%
Throwing Axeman ×200 · Knight ×16 · Trebuchet (Packed) ×6 · Battering Ram ×5 · Petard ×4 · Monk ×3
Match map
Initial resources + every placement click. Lines = walls · curves = elevation contours. ◆ gold · ⬟ stone · ● berries · ✦ relic · ◌ wall gap
Your base· ✓ Closed at 19:24 · 0t walls · 3 gate(s)
nigel's base· ✓ Closed at 20:37 · 0t walls · 3 gate(s)
GeneralFreed's base· ✓ Closed at 17:53 · 0t walls · 3 gate(s)
UBERBULLET8740's base· ✓ Closed at 13:54 · 0t walls · 3 gate(s)
Smoothed initial terrain · ◌ = detected wall gap · hover for details
Inputs per minute
— OGTierraOz - - nigel
Build order — OGTierraOz
First 150 of 343 actions detected
| 0:02 | Create | Villager (Male) |
| 0:02 | Create | Villager (Male) |
| 0:02 | Create | Villager (Male) |
| 0:03 | Create | Villager (Male) |
| 0:06 | Build | House |
| 0:07 | Build | House |
| 0:08 | Build | House |
| 0:10 | Build | House |
| 0:11 | Build | House |
| 2:16 | Create | Villager (Male) |
| 2:42 | Create | Villager (Male) |
| 3:20 | Create | Villager (Male) |
| 3:20 | Create | Villager (Male) |
| 4:13 | Create | Villager (Male) |
| 4:13 | Create | Villager (Male) |
| 4:18 | Build | Mill |
| 4:57 | Create | Villager (Male) |
| 5:05 | Create | Villager (Male) |
| 5:30 | Create | Villager (Male) |
| 5:36 | Create | Villager (Male) |
| 6:15 | Create | Villager (Male) |
| 7:04 | Create | Villager (Male) |
| 7:04 | Create | Villager (Male) |
| 7:26 | Create | Villager (Male) |
| 7:51 | Create | Villager (Male) |
| 7:52 | Create | Villager (Male) |
| 7:52 | Create | Villager (Male) |
| 7:52 | Create | Villager (Male) |
| 8:40 | Create | Villager (Male) |
| 8:56 | Build | Mining Camp |
| 9:23 | Build | Lumber Camp |
| 9:32 | Create | Villager (Male) |
| 9:47 | Build | Mill |
| 10:42 | Research | Feudal Age |
| 11:18 | Create | Villager (Male) |
| 11:18 | Create | Villager (Male) |
| 11:18 | Create | Villager (Male) |
| 12:54 | Research | Double-Bit Axe |
| 12:56 | Research | Tech 1014 |
| 13:09 | Create | Villager (Male) |
| 13:18 | Research | Gold Mining |
| 13:19 | Research | Stone Mining |
| 13:49 | Create | Villager (Male) |
| 13:56 | Build | Mining Camp |
| 14:20 | Build | House |
| 14:22 | Build | House |
| 14:34 | Build | House |
| 14:34 | Build | House |
| 14:34 | Build | House |
| 14:35 | Build | House |
| 14:36 | Build | House |
| 14:38 | Build | House |
| 15:01 | Create | Villager (Male) |
| 15:39 | Build | Pasture |
| 15:40 | Build | Pasture |
| 15:46 | Build | Pasture |
| 15:56 | Create | Villager (Male) |
| 16:00 | Create | Villager (Male) |
| 16:36 | Build | Pasture |
| 16:40 | Build | Pasture |
| 16:43 | Build | Pasture |
| 16:48 | Build | Pasture |
| 16:52 | Create | Villager (Male) |
| 16:53 | Create | Villager (Male) |
| 17:26 | Build | Market |
| 17:47 | Build | Pasture |
| 17:55 | Create | Villager (Male) |
| 17:55 | Create | Villager (Male) |
| 18:31 | Build | Blacksmith |
| 18:49 | Create | Villager (Male) |
| 19:19 | Build | Pasture |
| 19:24 | Research | Castle Age |
| 21:11 | Create | Villager (Male) |
| 21:11 | Create | Villager (Male) |
| 21:11 | Create | Villager (Male) |
| 22:09 | Research | Tech 1013 |
| 22:16 | Research | Bow Saw |
| 22:19 | Research | Stone Shaft Mining |
| 22:29 | Build | Castle |
| 22:43 | Build | Town Center |
| 23:14 | Create | Villager (Male) |
| 23:14 | Create | Villager (Male) |
| 23:14 | Create | Villager (Male) |
| 23:15 | Create | Villager (Male) |
| 23:42 | Build | Town Center |
| 23:56 | Create | Villager (Male) |
| 23:56 | Create | Villager (Male) |
| 24:35 | Create | Unit 1920 |
| 24:36 | Create | Unit 1920 |
| 24:36 | Create | Unit 1920 |
| 24:53 | Build | Pasture |
| 25:09 | Build | Pasture |
| 25:15 | Create | Villager (Male) |
| 25:17 | Create | Villager (Male) |
| 25:21 | Create | Villager (Male) |
| 25:22 | Create | Villager (Male) |
| 25:22 | Create | Villager (Male) |
| 26:09 | Research | Imperial Age |
| 26:17 | Research | Wheelbarrow |
| 26:27 | Create | Villager (Male) |
| 26:30 | Build | Pasture |
| 26:46 | Create | Villager (Male) |
| 26:58 | Create | Villager (Male) |
| 26:58 | Create | Villager (Male) |
| 26:59 | Create | Villager (Male) |
| 27:07 | Create | Villager (Male) |
| 27:07 | Create | Villager (Male) |
| 27:15 | Build | Pasture |
| 27:36 | Create | Villager (Male) |
| 27:37 | Create | Villager (Male) |
| 27:45 | Build | Barracks |
| 27:57 | Create | Villager (Male) |
| 27:58 | Create | Villager (Male) |
| 27:58 | Create | Villager (Male) |
| 28:52 | Build | Pasture |
| 29:03 | Build | Barracks |
| 29:04 | Build | Barracks |
| 29:09 | Build | Stable |
| 29:12 | Build | Stable |
| 29:23 | Create | Trebuchet (Packed) |
| 29:25 | Research | Tech 1007 |
| 29:56 | Build | Pasture |
| 30:01 | Create | Villager (Male) |
| 30:01 | Create | Villager (Male) |
| 30:01 | Create | Villager (Male) |
| 30:07 | Create | Villager (Male) |
| 30:07 | Create | Villager (Male) |
| 30:07 | Create | Villager (Male) |
| 30:08 | Create | Villager (Male) |
| 30:11 | Create | Villager (Male) |
| 30:20 | Build | Pasture |
| 30:32 | Create | Villager (Male) |
| 30:32 | Create | Villager (Male) |
| 30:32 | Create | Villager (Male) |
| 30:33 | Create | Villager (Male) |
| 30:33 | Create | Villager (Male) |
| 30:33 | Create | Villager (Male) |
| 30:33 | Create | Villager (Male) |
| 30:33 | Create | Villager (Male) |
| 30:33 | Create | Villager (Male) |
| 30:42 | Build | Pasture |
| 31:05 | Research | Squires |
| 31:05 | Research | Gambesons |
| 31:08 | Create | Fire Lancer ×5 |
| 31:13 | Research | Forging |
| 31:14 | Research | Scale Mail Armor |
| 31:16 | Research | Scale Barding Armor |
| 31:24 | Research | Husbandry |
| 31:33 | Create | Scout Cavalry |
| 31:37 | Create | Scout Cavalry |
Build order — nigel
First 150 of 335 actions detected
| 0:02 | Create | Villager (Male) ×5 |
| 0:06 | Build | House |
| 0:11 | Build | House |
| 0:59 | Build | House |
| 1:11 | Build | Lumber Camp |
| 1:47 | Create | Villager (Male) |
| 2:09 | Create | Villager (Male) |
| 2:26 | Research | Loom |
| 3:04 | Create | Villager (Male) |
| 3:04 | Create | Villager (Male) |
| 3:26 | Build | House |
| 3:45 | Create | Villager (Male) |
| 3:49 | Create | Villager (Male) |
| 4:06 | Create | Villager (Male) |
| 4:23 | Create | Villager (Male) |
| 4:23 | Create | Villager (Male) |
| 5:13 | Create | Villager (Male) |
| 5:14 | Create | Villager (Male) |
| 5:24 | Build | Mill |
| 6:01 | Create | Villager (Male) |
| 6:11 | Build | Barracks |
| 6:16 | Build | House |
| 6:23 | Create | Villager (Male) |
| 6:24 | Create | Villager (Male) |
| 6:55 | Create | Villager (Male) |
| 7:20 | Build | Farm |
| 7:20 | Build | Farm |
| 7:21 | Build | Farm |
| 7:21 | Build | Farm |
| 7:21 | Build | Farm |
| 7:22 | Build | Farm |
| 7:22 | Build | Farm |
| 7:29 | Create | Villager (Male) |
| 7:36 | Build | House |
| 7:45 | Build | House |
| 7:46 | Build | House |
| 8:13 | Create | Villager (Male) |
| 8:14 | Create | Villager (Male) |
| 8:21 | Build | Farm |
| 8:23 | Build | Farm |
| 8:31 | Build | Farm |
| 8:42 | Create | Villager (Male) |
| 9:00 | Build | Mining Camp |
| 9:04 | Create | Villager (Male) |
| 9:31 | Create | Villager (Male) |
| 9:48 | Create | Villager (Male) |
| 10:05 | Create | Villager (Male) |
| 10:14 | Build | House |
| 10:19 | Build | House |
| 10:40 | Create | Villager (Male) |
| 10:52 | Build | Farm |
| 11:04 | Build | Farm |
| 11:05 | Build | Farm |
| 11:07 | Build | Farm |
| 11:08 | Build | Farm |
| 11:09 | Build | Farm |
| 11:12 | Build | Farm |
| 11:17 | Create | Villager (Male) |
| 11:57 | Research | Feudal Age |
| 12:13 | Build | Lumber Camp |
| 12:34 | Build | Lumber Camp |
| 12:44 | Build | House |
| 12:55 | Create | Villager (Male) |
| 12:56 | Create | Villager (Male) |
| 12:57 | Create | Villager (Male) |
| 12:57 | Create | Villager (Male) |
| 12:57 | Create | Villager (Male) |
| 12:58 | Create | Villager (Male) |
| 12:58 | Create | Villager (Male) |
| 12:59 | Create | Villager (Male) |
| 12:59 | Create | Villager (Male) |
| 12:59 | Create | Villager (Male) |
| 13:00 | Create | Villager (Male) |
| 13:00 | Create | Villager (Male) |
| 14:01 | Age | Feudal Age |
| 14:03 | Research | Double-Bit Axe |
| 14:06 | Research | Horse Collar |
| 14:21 | Build | Market |
| 15:12 | Build | Stable |
| 15:17 | Build | Stable |
| 15:21 | Create | Villager (Male) |
| 15:35 | Build | Mining Camp |
| 15:47 | Research | Gold Mining |
| 16:20 | Build | Archery Range |
| 16:27 | Research | Stone Mining |
| 16:38 | Build | Farm |
| 16:39 | Build | Farm |
| 16:40 | Build | Farm |
| 16:50 | Build | Farm |
| 17:01 | Build | Farm |
| 17:07 | Build | Farm |
| 17:18 | Build | Farm |
| 17:32 | Build | House |
| 17:36 | Build | House |
| 17:37 | Build | House |
| 17:37 | Build | House |
| 17:38 | Build | House |
| 17:41 | Build | House |
| 17:41 | Build | House |
| 18:10 | Research | Castle Age |
| 18:20 | Research | Bloodlines |
| 18:26 | Build | Blacksmith |
| 18:31 | Build | House |
| 18:32 | Build | House |
| 18:33 | Build | House |
| 18:59 | Create | Villager (Male) ×5 |
| 19:26 | Research | Wheelbarrow |
| 19:41 | Research | Scale Barding Armor |
| 19:42 | Research | Forging |
| 20:24 | Research | Fletching |
| 20:25 | Research | Padded Archer Armor |
| 20:37 | Age | Castle Age |
| 20:58 | Build | Castle |
| 21:04 | Research | Bow Saw |
| 21:28 | Research | Husbandry |
| 21:37 | Research | Chain Barding Armor |
| 21:46 | Create | Villager (Male) |
| 22:00 | Create | Villager (Male) |
| 22:09 | Build | Town Center |
| 22:49 | Build | Palisade Gate |
| 23:03 | Build | Siege Workshop |
| 23:26 | Research | Heavy Plow |
| 23:36 | Create | Mangonel |
| 23:46 | Build | Gate |
| 24:04 | Build | House |
| 24:05 | Build | House |
| 24:08 | Build | House |
| 24:09 | Build | House |
| 24:20 | Create | Villager (Male) ×5 |
| 24:51 | Build | Mining Camp |
| 25:00 | Build | University |
| 25:06 | Create | Villager (Male) |
| 25:07 | Create | Villager (Male) |
| 25:07 | Create | Villager (Male) |
| 25:07 | Create | Villager (Male) |
| 25:08 | Create | Villager (Male) |
| 25:11 | Create | Villager (Male) |
| 25:12 | Create | Villager (Male) |
| 25:12 | Create | Villager (Male) |
| 25:34 | Build | Siege Workshop |
| 25:42 | Research | Gold Shaft Mining |
| 25:59 | Create | Villager (Male) |
| 26:02 | Create | Villager (Male) |
| 26:02 | Create | Villager (Male) |
| 26:02 | Create | Villager (Male) |
| 26:12 | Build | Town Center |
| 26:37 | Create | Battering Ram |
| 26:55 | Build | Lumber Camp |
| 27:08 | Research | Crossbowman (upgrade) |
| 27:17 | Research | Bodkin Arrow |
Build order — GeneralFreed
First 150 of 684 actions detected
| 0:00 | Create | Villager (Male) |
| 0:01 | Create | Villager (Male) |
| 0:01 | Create | Villager (Male) |
| 0:01 | Create | Villager (Male) |
| 0:02 | Research | Loom |
| 0:06 | Build | House |
| 0:07 | Build | House |
| 0:08 | Build | House |
| 0:09 | Build | House |
| 1:40 | Create | Villager (Male) |
| 2:27 | Create | Villager (Male) |
| 2:38 | Build | Lumber Camp |
| 2:41 | Create | Villager (Male) |
| 3:13 | Create | Villager (Male) |
| 3:13 | Create | Villager (Male) |
| 3:27 | Create | Villager (Male) |
| 3:56 | Create | Villager (Male) |
| 4:32 | Create | Villager (Male) |
| 4:32 | Create | Villager (Male) |
| 4:55 | Create | Villager (Male) |
| 4:55 | Create | Villager (Male) |
| 4:55 | Create | Villager (Male) |
| 5:14 | Create | Villager (Male) |
| 5:15 | Create | Villager (Male) |
| 5:35 | Build | Mill |
| 6:05 | Create | Villager (Male) |
| 6:05 | Create | Villager (Male) |
| 6:21 | Create | Villager (Male) |
| 6:21 | Create | Villager (Male) |
| 6:31 | Build | House |
| 6:36 | Create | Villager (Male) |
| 6:58 | Build | Mill |
| 7:09 | Create | Villager (Male) |
| 7:25 | Create | Villager (Male) |
| 7:26 | Create | Villager (Male) |
| 7:39 | Build | Lumber Camp |
| 7:43 | Create | Villager (Male) |
| 8:19 | Create | Villager (Male) |
| 8:40 | Build | Farm |
| 8:41 | Build | Farm |
| 8:42 | Build | Farm |
| 8:59 | Create | Villager (Male) |
| 9:39 | Build | Farm |
| 9:43 | Build | Mining Camp |
| 9:48 | Research | Feudal Age |
| 10:31 | Create | Villager (Male) |
| 10:31 | Create | Villager (Male) |
| 10:31 | Create | Villager (Male) |
| 10:32 | Create | Villager (Male) |
| 10:32 | Create | Villager (Male) |
| 10:41 | Build | Barracks |
| 10:44 | Build | House |
| 11:01 | Build | House |
| 11:02 | Build | House |
| 11:03 | Build | House |
| 12:38 | Age | Feudal Age |
| 12:38 | Research | Double-Bit Axe |
| 12:38 | Research | Double-Bit Axe |
| 12:45 | Build | Blacksmith |
| 12:56 | Build | Market |
| 13:11 | Build | Mining Camp |
| 14:13 | Research | Horse Collar |
| 14:45 | Create | Villager (Male) |
| 15:00 | Create | Spearman |
| 15:01 | Create | Spearman |
| 15:01 | Create | Spearman |
| 15:13 | Research | Castle Age |
| 15:24 | Build | Farm |
| 15:30 | Build | Farm |
| 15:45 | Build | Farm |
| 15:50 | Build | Farm |
| 15:51 | Build | Farm |
| 15:55 | Build | Farm |
| 15:56 | Build | Farm |
| 15:58 | Build | Farm |
| 16:38 | Create | Spearman |
| 16:38 | Create | Spearman |
| 16:57 | Research | Scale Mail Armor |
| 17:13 | Research | Wheelbarrow |
| 17:53 | Age | Castle Age |
| 18:01 | Research | Bow Saw |
| 18:12 | Build | Town Center |
| 18:44 | Build | Castle |
| 18:53 | Research | Heavy Plow |
| 18:55 | Create | Villager (Male) |
| 18:55 | Create | Villager (Male) |
| 18:56 | Create | Villager (Male) |
| 19:29 | Create | Villager (Male) |
| 19:49 | Create | Villager (Male) |
| 19:56 | Build | Farm |
| 20:14 | Create | Villager (Male) |
| 20:15 | Create | Villager (Male) |
| 20:15 | Create | Villager (Male) |
| 20:15 | Create | Villager (Male) |
| 20:30 | Build | Mill |
| 20:37 | Create | Villager (Male) |
| 20:39 | Create | Villager (Male) |
| 20:45 | Build | Farm |
| 20:52 | Build | Farm |
| 21:01 | Create | Villager (Male) |
| 21:02 | Create | Villager (Male) |
| 21:02 | Create | Villager (Male) |
| 21:17 | Create | Hussite Wagon |
| 21:26 | Research | Fletching |
| 21:34 | Create | Villager (Male) |
| 21:38 | Create | Villager (Male) |
| 21:44 | Build | Farm |
| 21:46 | Build | Farm |
| 21:59 | Research | Pikeman (upgrade) |
| 22:06 | Create | Hussite Wagon |
| 22:33 | Create | Hussite Wagon |
| 23:01 | Create | Hussite Wagon |
| 23:05 | Research | Bodkin Arrow |
| 23:07 | Create | Villager (Male) |
| 23:08 | Create | Villager (Male) |
| 23:08 | Create | Villager (Male) |
| 23:09 | Create | Villager (Male) |
| 23:09 | Create | Villager (Male) |
| 23:09 | Create | Villager (Male) |
| 23:14 | Build | Farm |
| 23:15 | Build | Farm |
| 23:17 | Build | Farm |
| 23:25 | Create | Villager (Male) |
| 23:26 | Create | Villager (Male) |
| 23:57 | Create | Hussite Wagon |
| 23:57 | Create | Hussite Wagon |
| 24:07 | Create | Villager (Male) |
| 24:39 | Create | Villager (Male) |
| 24:40 | Create | Villager (Male) |
| 24:40 | Create | Villager (Male) |
| 24:40 | Create | Villager (Male) |
| 24:47 | Build | Town Center |
| 24:53 | Create | Villager (Male) |
| 24:53 | Create | Villager (Male) |
| 24:54 | Create | Villager (Male) |
| 24:57 | Create | Villager (Male) |
| 25:21 | Build | Monastery |
| 25:29 | Create | Villager (Male) |
| 25:38 | Build | Farm |
| 25:40 | Build | Farm |
| 25:41 | Build | Farm |
| 25:43 | Build | Farm |
| 25:44 | Build | Farm |
| 25:45 | Build | Farm |
| 25:56 | Build | Farm |
| 25:57 | Build | Farm |
| 26:27 | Create | Villager (Male) |
| 26:27 | Create | Villager (Male) |
| 26:36 | Create | Villager (Male) |
| 26:36 | Create | Villager (Male) |
Build order — UBERBULLET8740
First 150 of 296 actions detected
| 0:01 | Create | Villager (Male) |
| 0:02 | Create | Villager (Male) |
| 0:02 | Create | Villager (Male) |
| 0:02 | Create | Villager (Male) |
| 0:03 | Build | House |
| 0:26 | Build | House |
| 0:30 | Build | House |
| 1:41 | Create | Villager (Male) |
| 2:16 | Create | Villager (Male) |
| 2:35 | Create | Villager (Male) |
| 2:44 | Build | Lumber Camp |
| 2:54 | Create | Villager (Male) |
| 3:07 | Create | Villager (Male) |
| 3:46 | Create | Villager (Male) |
| 3:46 | Create | Villager (Male) |
| 3:59 | Create | Villager (Male) |
| 4:20 | Create | Villager (Male) |
| 5:08 | Create | Villager (Male) |
| 5:08 | Create | Villager (Male) |
| 5:40 | Build | Mining Camp |
| 5:50 | Build | Mill |
| 6:12 | Create | Villager (Male) |
| 6:16 | Build | House |
| 7:02 | Create | Villager (Male) |
| 7:02 | Create | Villager (Male) |
| 7:03 | Create | Villager (Male) |
| 7:32 | Build | Mill |
| 7:45 | Build | House |
| 8:27 | Create | Villager (Male) |
| 8:56 | Build | Mining Camp |
| 9:50 | Research | Feudal Age |
| 12:01 | Research | Wheelbarrow |
| 12:14 | Build | Farm |
| 12:16 | Build | Farm |
| 12:34 | Build | Market |
| 12:38 | Build | Blacksmith |
| 13:54 | Research | Castle Age |
| 16:03 | Research | Double-Bit Axe |
| 16:06 | Research | Gold Mining |
| 16:09 | Research | Stone Mining |
| 16:37 | Build | Town Center |
| 16:43 | Build | Town Center |
| 16:45 | Create | Villager (Male) |
| 16:45 | Create | Villager (Male) |
| 16:46 | Create | Villager (Male) |
| 16:46 | Create | Villager (Male) |
| 17:28 | Research | Bow Saw |
| 17:41 | Build | Farm |
| 17:44 | Build | Farm |
| 18:01 | Build | Farm |
| 18:06 | Build | Farm |
| 18:19 | Build | Farm |
| 18:24 | Build | Farm |
| 18:32 | Create | Villager (Male) |
| 18:33 | Create | Villager (Male) |
| 18:37 | Build | Farm |
| 18:38 | Build | Farm |
| 18:51 | Create | Villager (Male) |
| 19:16 | Build | Barracks |
| 19:20 | Build | Farm |
| 19:23 | Create | Villager (Male) |
| 19:23 | Create | Villager (Male) |
| 19:38 | Create | Villager (Male) |
| 19:58 | Create | Villager (Male) |
| 20:02 | Create | Villager (Male) |
| 20:06 | Build | Farm |
| 20:18 | Create | Villager (Male) |
| 20:28 | Create | Villager (Male) |
| 20:31 | Build | Farm |
| 20:53 | Build | House |
| 20:54 | Build | House |
| 20:55 | Build | House |
| 20:56 | Build | House |
| 20:57 | Build | House |
| 21:03 | Build | Farm |
| 21:07 | Create | Villager (Male) |
| 21:11 | Create | Villager (Male) |
| 21:11 | Create | Villager (Male) |
| 21:29 | Create | Villager (Male) |
| 21:29 | Create | Villager (Male) |
| 21:33 | Create | Villager (Male) |
| 22:10 | Build | Monastery |
| 22:14 | Create | Villager (Male) |
| 22:14 | Create | Villager (Male) |
| 22:35 | Build | Castle |
| 22:50 | Create | Monk |
| 22:56 | Build | Farm |
| 22:57 | Build | Farm |
| 22:59 | Create | Villager (Male) |
| 22:59 | Create | Villager (Male) |
| 22:59 | Create | Villager (Male) |
| 23:03 | Create | Villager (Male) |
| 23:03 | Create | Villager (Male) |
| 23:03 | Create | Villager (Male) |
| 23:11 | Build | Farm |
| 23:17 | Create | Villager (Male) |
| 23:17 | Create | Villager (Male) |
| 23:37 | Build | Stable |
| 23:54 | Create | Throwing Axeman ×5 |
| 23:54 | Create | Throwing Axeman ×5 |
| 24:05 | Build | Mining Camp |
| 24:11 | Create | Villager (Male) |
| 24:11 | Create | Villager (Male) |
| 24:27 | Build | Farm |
| 24:35 | Create | Monk |
| 24:48 | Create | Throwing Axeman ×2 |
| 24:48 | Create | Throwing Axeman ×2 |
| 25:18 | Build | Siege Workshop |
| 25:31 | Create | Throwing Axeman ×5 |
| 25:32 | Create | Throwing Axeman ×2 |
| 25:32 | Create | Throwing Axeman ×2 |
| 25:43 | Create | Villager (Male) |
| 25:43 | Create | Villager (Male) |
| 25:54 | Create | Villager (Male) |
| 26:09 | Create | Throwing Axeman ×2 |
| 26:10 | Create | Throwing Axeman ×2 |
| 26:22 | Build | Farm |
| 26:26 | Create | Villager (Male) |
| 26:26 | Create | Villager (Male) |
| 26:30 | Create | Villager (Male) |
| 26:30 | Create | Villager (Male) |
| 26:36 | Create | Monk |
| 26:59 | Build | Farm |
| 27:00 | Build | Farm |
| 27:02 | Build | Farm |
| 27:42 | Build | Castle |
| 27:45 | Create | Battering Ram |
| 27:46 | Create | Battering Ram |
| 27:47 | Create | Battering Ram |
| 27:48 | Create | Battering Ram |
| 27:49 | Create | Battering Ram |
| 28:08 | Create | Throwing Axeman ×5 |
| 28:08 | Create | Throwing Axeman ×4 |
| 28:08 | Create | Throwing Axeman ×4 |
| 28:16 | Build | Farm |
| 28:18 | Create | Villager (Male) |
| 28:18 | Create | Villager (Male) |
| 28:18 | Create | Villager (Male) |
| 28:22 | Build | House |
| 28:23 | Build | House |
| 28:24 | Build | House |
| 28:30 | Research | Scale Mail Armor |
| 28:31 | Research | Fletching |
| 28:38 | Create | Villager (Male) |
| 28:38 | Create | Villager (Male) |
| 29:11 | Research | Forging |
| 29:14 | Build | Farm |
| 29:16 | Create | Villager (Male) |
| 29:16 | Create | Villager (Male) |
| 29:18 | Create | Villager (Male) |
Match timeline
| 6:11 | nigel · first_building Barracks |
| 10:41 | GeneralFreed · first_building Barracks |
| 12:38 | GeneralFreed · age_up feudal |
| 13:37 | UBERBULLET8740 · first_market_buy 100 food |
| 13:45 | GeneralFreed · first_market_buy 100 food |
| 14:01 | nigel · age_up feudal |
| 15:12 | nigel · first_building Stable |
| 16:20 | nigel · first_building Archery Range |
| 17:53 | GeneralFreed · age_up castle |
| 18:44 | GeneralFreed · first_building Castle |
| 19:16 | UBERBULLET8740 · first_building Barracks |
| 20:37 | nigel · age_up castle |
| 20:42 | nigel · first_market_sell 100 wood |
| 20:44 | nigel · first_market_buy 100 stone |
| 20:58 | nigel · first_building Castle |
| 21:44 | UBERBULLET8740 · first_market_sell 100 wood |
| 22:10 | UBERBULLET8740 · first_building Monastery |
| 22:29 | OGTierraOz · first_building Castle |
| 22:35 | UBERBULLET8740 · first_building Castle |
| 23:03 | nigel · first_building Siege Workshop |
| 23:37 | UBERBULLET8740 · first_building Stable |
| 25:18 | UBERBULLET8740 · first_building Siege Workshop |
| 25:21 | GeneralFreed · first_building Monastery |
| 27:45 | OGTierraOz · first_building Barracks |
| 29:09 | OGTierraOz · first_building Stable |
| 30:27 | GeneralFreed · age_up imperial |
| 31:51 | OGTierraOz · first_building Archery Range |
| 35:16 | GeneralFreed · first_building Archery Range |
| 35:20 | nigel · age_up imperial |
| 36:43 | OGTierraOz · first_building Siege Workshop |
| 45:26 | GeneralFreed · first_building Siege Workshop |
| 48:52 | GeneralFreed · resign |
[ AI ANALYSIS · 1 CREDIT ]
What really happened in this match?
Wolo.gg analyzes every decision: build order, eco, micro, common mistakes by bracket. Personalized analysis on WhatsApp or Discord in 30 seconds.
Civ guide
Khitans
Perfil
Jugador #14567483